 Dungeon Crawl Stone Soup version 0.21.0-24-g2553a3340b (webtiles) character file.

141 zppfan the Cudgeler (level 5, -1/53 HPs)
             Began as a Troll Berserker on Jan 20, 2018.
             Was a Believer of Trog.
             Slain by a scorpion (4 damage)
             ... on level 3 of the Dungeon.
             The game lasted 00:05:58 (2497 turns).

zppfan the Cudgeler (Troll Berserker)               Turns: 2497, Time: 00:05:58

Health: -1/53      AC:  5    Str: 26    XL:     5   Next: 3%
Magic:  4/4        EV: 10    Int:  3    God:    Trog [**....]
Gold:   80         SH:  0    Dex:  9    Spells: 4/4 levels left

rFire    . . .     SeeInvis +   a - +0 mace
rCold    . . .     Gourm    +   (no shield)
rNeg     . . .     Faith    .   b - +0 animal skin
rPois    .         Spirit   .   (helmet restricted)
rElec    .         Reflect  .   (no cloak)
rCorr    .         Harm     .   (gloves unavailable)
MR       .....                  (boots unavailable)
Stlth    ++........             (no amulet)
HPRegen  0.57/turn              q - ring of stealth
MPRegen  0.09/turn              g - ring of see invisible

@: lethally poisoned (-1 -> -3)
A: large, unfitting armour, claws 3, fast metabolism 3, gourmand, regeneration
1, shaggy fur 1, tough skin 2
a: Berserk, Trog's Hand, Burn Spellbooks, Renounce Religion


You were on level 3 of the Dungeon.
You worshipped Trog.
Trog was pleased with you.
You were not hungry.

You visited 1 branch of the dungeon, and saw 4 of its levels.

You collected 80 gold pieces.

Inventory:

Hand Weapons
 a - a +0 mace (weapon)
Armour
 b - a +0 animal skin (worn)
Jewellery
 g - a ring of see invisible (right claw)
 i - a +3 ring of intelligence
 q - a ring of stealth (left claw)
Scrolls
 h - a scroll of fear {unknown}
 j - 2 scrolls of remove curse {unknown}
 k - 5 scrolls of teleportation {unknown}
 l - 2 scrolls of blinking {unknown}
 m - 2 scrolls of immolation {unknown}
 n - 2 scrolls of enchant weapon {unknown}
 o - a scroll of random uselessness {unknown}
 p - 3 scrolls of amnesia {unknown}
Potions
 d - a potion of curing {unknown}
 e - 4 potions of flight {unknown}
 f - a potion of agility {unknown}
 r - a potion of lignification {unknown}
Comestibles
 c - 4 rations


   Skills:
 + Level 3.3 Fighting
 + Level 3.7 Maces & Flails
 + Level 3.3 Dodging


You had 4 spell levels left.
You didn't know any spells.

Dungeon Overview and Level Annotations

Branches:
Dungeon (4/15)
 Temple: D:4-7

Altars:
Qazlal
Xom


Innate Abilities, Weirdness & Mutations

You are too large for most types of armour.
You have claws for hands.
Your metabolism is lightning-fast.
You like to eat raw meat.
Your natural rate of healing is unusually fast.
You are covered in fur. (AC +1)
You have very tough skin. (AC +2)


Message History

You feel sick. The scorpion stings you!
* * * LOW HITPOINT WARNING * * *
You hit the scorpion.
The scorpion is severely wounded.
You feel sick. The scorpion completely misses you.
You closely miss the scorpion.
The scorpion is severely wounded.
You feel sick. The scorpion stings you.
* * * LOW HITPOINT WARNING * * *
You barely miss the scorpion.
The scorpion is severely wounded.
The scorpion stings you.
* * * LOW HITPOINT WARNING * * *
You are more poisoned.
The scorpion poisons you! The scorpion closely misses you.
You closely miss the scorpion.
The scorpion is severely wounded.
* * * LOW HITPOINT WARNING * * *
You feel sick. The scorpion stings you.
You die...

##########..# ............#
............# ............#
....###...>.# ...##_##....#
.#####.####.#
..#.#.#.###.###################
..#..##.#.<....)@............[#
..####.###..###..s.......####.#
..###.## #..# #...............#
..##.#####..# #..........######
..#.##..##..# #######'####
..#.#.#.##..#########.###
..##.#####..##..........#
...##.##.#...'..........#
....#.##.#.###..........#


You could see a scorpion.

Vanquished Creatures
  Natasha (D:4)
  2 gnolls (D:1)
  3 adders
  An ooze (D:2)
  2 dart slugs
  2 leopard geckos (D:1)
  4 orcs
  4 bats
  3 giant cockroaches
  2 goblins
  8 hobgoblins
  6 jackals
  2 quokkas (D:3)
  A ball python (D:2)
  5 frilled lizards
  6 kobolds
  4 rats
56 creatures vanquished.

Notes
Turn   | Place    | Note
-------+----------+-------------------------------------------
     0 | D:1      | zppfan the Troll Berserker began the quest for the Orb.
     0 | D:1      | Reached XP level 1. HP: 22/22 MP: 0/0
   140 | D:1      | Reached XP level 2. HP: 18/29 MP: 1/1
   243 | D:1      | Reached XP level 3. HP: 31/36 MP: 2/2
  1103 | D:2      | Reached ** piety under Trog
  1129 | D:2      | Reached XP level 4. HP: 32/45 MP: 3/3
  1872 | D:3      | Found a shimmering altar of Xom.
  1995 | D:3      | Found a stormy altar of Qazlal.
  2471 | D:4      | Noticed Natasha
  2478 | D:4      | Killed Natasha
  2478 | D:4      | Reached XP level 5. HP: 37/53 MP: 4/4
  2497 | D:3      | Slain by a scorpion

Skill      XL: |  1  2  3 |
---------------+----------+-----
Maces & Flails | 3 |  3.7
Fighting       | 3 |  3.3
Dodging        | 3 |  3.3

Action                   |  1- 3 |  4- 6 || total
-------------------------+-------+-------++-------
Melee: Mace              |   103 |    97 ||   200
 Stab: Sleeping          |       |     1 ||     1
  Eat: Chunk             |     7 |     8 ||    15
       Ration            |     1 |     1 ||     2
Armor: Animal skin       |    39 |    45 ||    84
Dodge: Dodged            |    54 |    73 ||   127
